 Dungeon Crawl Stone Soup version 0.21.0-3-g78d12a8 (webtiles) character file.

764 Carbon the Covered (level 7, -19/61 HPs)
             Began as a Minotaur Fighter on Jan 10, 2018.
             Demolished by an ogre
             ... wielding a +0 giant club
              (24 damage)
             ... on level 4 of the Dungeon.
             The game lasted 00:12:15 (3767 turns).

Carbon the Covered (Minotaur Fighter)               Turns: 3767, Time: 00:12:16

Health: -19/61     AC:  7    Str: 20    XL:     7   Next: 51%
Magic:  6/6        EV:  9    Int:  5    God:
Gold:   178        SH: 11    Dex: 12    Spells: 6/6 levels left

rFire    . . .     SeeInvis .   a - +0 long sword
rCold    . . .     Gourm    .   c - +1 shield
rNeg     . . .     Faith    .   b - +0 scale mail
rPois    .         Spirit   .   (helmet restricted)
rElec    .         Reflect  .   (no cloak)
rCorr    .         Harm     .   (no gloves)
MR       .....                  (no boots)
Stlth    ..........             (no amulet)
HPRegen  0.20/turn              (no ring)
MPRegen  0.10/turn              (no ring)

@: no status effects
A: retaliatory headbutt, horns 2
a: no special abilities


You were on level 4 of the Dungeon.
You were hungry.

You visited 1 branch of the dungeon, and saw 4 of its levels.

You collected 178 gold pieces.

Inventory:

Hand Weapons
 a - a +0 long sword (weapon)
 p - a +0 war axe
Missiles
 l - 38 bolts
Armour
 b - a +0 scale mail (worn)
 c - a +1 shield (worn)
Scrolls
 i - 2 scrolls of remove curse {unknown}
 j - 2 scrolls of identify {unknown}
 m - a scroll of enchant armour
 n - a scroll of noise {unknown}
 o - a scroll of teleportation {unknown}
 r - a scroll of amnesia {unknown}
 s - 3 scrolls of magic mapping {unknown}
 t - 3 scrolls of fog {unknown}
 v - a scroll of immolation {unknown}
 w - a scroll of random uselessness {unknown}
Potions
 d - 2 potions of heal wounds {unknown}
 e - 3 potions of curing {unknown}
 g - 2 potions of invisibility {unknown}
 h - 2 potions of flight {unknown}
 k - a potion of berserk rage {unknown}
 q - a potion of resistance {unknown}
Books
 u - a book of Necromancy

   Spells                             Type                      Level
   a - Pain                           Necromancy                   1
   b - Animate Skeleton               Necromancy                   1
   c - Vampiric Draining              Necromancy                   3
   d - Regeneration                   Charms/Necromancy            3
   e - Animate Dead                   Necromancy                   4
   f - Borgnjor's Vile Clutch         Necromancy/Earth             5
Comestibles
 f - 6 rations


   Skills:
 + Level 5.1 Fighting
 + Level 6.0 Long Blades
 + Level 6.5 Armour
 + Level 2.1 Dodging
 + Level 0.2 Stealth
 + Level 5.6 Shields


You had 6 spell levels left.
You didn't know any spells.

Dungeon Overview and Level Annotations

Branches:
Dungeon (4/15)
 Temple: D:4-7

Altars:
Ashenzari
Makhleb
Xom
The Shining One


Innate Abilities, Weirdness & Mutations

You reflexively headbutt those who attack you in melee.
You have a pair of horns on your head.


Message History

The ogre is moderately wounded.
The ogre hits you with a giant club!!
You hit the ogre.
The ogre is heavily wounded.
The ogre hits you with a giant club!!
Your shield and scale mail prevent you from hitting the ogre.
You headbutt the ogre.
The ogre is severely wounded.
You block the ogre's attack.
You closely miss the ogre.
The ogre is severely wounded.
You block the ogre's attack.
You closely miss the ogre. Your headbutt misses the ogre.
The ogre is severely wounded.
The ogre hits you with a giant club!
* * * LOW HITPOINT WARNING * * *
You hit the ogre.
The ogre is severely wounded.
The ogre hits you with a giant club!!
You die...

### .... ########
....##......#####
................#### ####
#.................###...
##....####...............
.......##...........###'#
#....O@...........##...
#....###......######.#.
....... ........# #.#.
#...... .......... #.#.
#...... #.##.)... ##.#.
..#.### #.......# ##..#.
. .> .. ..# ##..### .[
##....#. #.......


You could see an ogre.

Vanquished Creatures
  The ghost of Truegreen the Cutter, an amateur HaFi of Okawaru (D:4)
  An ogre (D:4)
  The ghost of Shepard the Vexing, an amateur GnAM (D:3)
  A crimson imp (D:4)
  A hound (D:2)
  A jelly (D:3)
  2 orc wizards (D:3)
  Natasha (D:4)
  2 worker ants (D:4)
  Terence (D:2)
  3 gnolls (D:2)
  6 adders
  An ooze (D:3)
  2 worms (D:2)
  4 leopard geckos
  4 orcs
  A ball python (D:2)
  6 bats
  2 giant cockroaches
  8 goblins
  9 hobgoblins
  4 jackals (D:3)
  2 quokkas
  6 frilled lizards
  A jackal zombie (D:3)
  7 kobolds
  5 rats
  A bush (D:2)
84 creatures vanquished.

Notes
Turn   | Place    | Note
-------+----------+-------------------------------------------
     0 | D:1      | Carbon the Minotaur Fighter began the quest for the Orb.
     0 | D:1      | Reached XP level 1. HP: 19/19 MP: 0/0
   240 | D:1      | Reached XP level 2. HP: 25/27 MP: 1/1
   990 | D:2      | Reached XP level 3. HP: 33/33 MP: 2/2
  1016 | D:2      | Noticed Terence
  1032 | D:2      | Killed Terence
  1032 | D:2      | Reached XP level 4. HP: 20/40 MP: 3/3
  1238 | D:2      | Reached skill level 5 in Armour
  1384 | D:2      | Reached XP level 5. HP: 44/46 MP: 4/4
  1386 | D:2      | Reached skill level 1 in Dodging
  1449 | D:2      | Found a faded altar of an unknown god.
  2095 | D:3      | Noticed Shepard's ghost (amateur GnAM)
  2235 | D:3      | Killed Shepard's ghost
  2411 | D:3      | Reached XP level 6. HP: 37/53 MP: 5/5
  2749 | D:3      | Reached skill level 5 in Shields
  2852 | D:3      | Found a shattered altar of Ashenzari.
  3265 | D:4      | Noticed Truegreen's ghost (amateur HaFi)
  3338 | D:4      | Killed Truegreen's ghost
  3338 | D:4      | Reached skill level 5 in Fighting
  3338 | D:4      | Reached skill level 5 in Long Blades
  3338 | D:4      | Reached XP level 7. HP: 38/61 MP: 6/6
  3615 | D:4      | Noticed Natasha
  3619 | D:4      | Killed Natasha
  3657 | D:4      | Found a burning altar of Makhleb.
  3658 | D:4      | Found a shimmering altar of Xom.
  3718 | D:4      | Found a glowing golden altar of the Shining One.
  3767 | D:4      | Demolished by an ogre

Skill      XL: |  1  2  3  4  5  6  7 |
---------------+----------------------+-----
Armour         | 4 5 6 |  6.5
Fighting       | 4 5 |  5.1
Shields        | 4 5 |  5.6
Long Blades    | 3 4 5 6 |  6.0
Dodging        | 1 2 |  2.1
Stealth        | |  0.2

Action                   |  1- 3 |  4- 6 |  7- 9 || total
-------------------------+-------+-------+-------++-------
Melee: Long sword        |    63 |   225 |    24 ||   312
       Headbutt          |     4 |    52 |     7 ||    63
  Use: Potion            |       |     1 |       ||     1
       Scroll            |       |     1 |       ||     1
  Eat: Chunk             |       |     8 |     1 ||     9
Armor: Scale mail        |    33 |    67 |     4 ||   104
Dodge: Dodged            |    19 |    47 |     3 ||    69
Block: Shield            |    32 |    80 |     7 ||   119
       Rpst.: Long sword |     4 |    12 |     1 ||    17
